 Dungeon Crawl Stone Soup version 0.28-a0-938-gbc3f381ebc (webtiles) character file.

Game seed: 5792473821259752039

1 shoop the Sneak (level 1, -4/18 HPs)
             Began as a Demonspawn Delver on Nov 28, 2021.
             Slain by a howler monkey (5 damage)
             ... on level 4 of the Dungeon.
             The game lasted 00:00:38 (68 turns).

shoop the Sneak (Demonspawn Delver)                   Turns: 68, Time: 00:00:39

Health: -4/18      AC:  3    Str: 12    XL:     1   Next: 16%
Magic:  1/1        EV: 11    Int: 11    God:
Gold:   13         SH:  0    Dex: 14    Spells: 0/0 levels left

rFire   . . .      SeeInvis .   a - +0 falchion
rCold   . . .      Faith    .   (no shield)
rNeg    . . .      Spirit   .   b - +0 leather armour
rPois   .          Reflect  .   (no helmet)
rElec   .          Harm     .   (no cloak)
rCorr   .          Rampage  .   (no gloves)
Will    .....                   (no boots)
Stlth   ++........              (no amulet)
HPRegen 0.06/turn               (no ring)
MPRegen 0.07/turn               (no ring)

@: no status effects
A: no striking features
a: no special abilities


You were on level 4 of the Dungeon.
You visited 1 branch of the dungeon, and saw 2 of its levels.

You collected 13 gold pieces.

Inventory:

Hand Weapons
 a - a +0 falchion (weapon)
Armour
 b - a +0 leather armour (worn)
Wands
 g - a wand of digging (3)
Scrolls
 c - a scroll of fog
 d - a scroll of magic mapping
 e - a scroll of fear
Potions
 f - a potion of haste


   Skills:
 - Level 3.0 Fighting
 + Level 1.7 Long Blades
 - Level 1.7 Dodging
 - Level 4.5 Stealth


You couldn't memorise any spells.
You didn't know any spells.
Your spell library was empty.

Dungeon Overview and Level Annotations

Branches:
Dungeon (5/15)
 Temple: D:4-7

Altars:


Message History

A howler monkey is nearby!
You closely miss the howler monkey. The howler monkey barely misses you.
The howler monkey hits you.
You barely miss the howler monkey.
The howler monkey hoots and howls with incredible vigour!
You hear a shout! x3
You hit the howler monkey.
The howler monkey is lightly wounded.
The howler monkey hits you. The howler monkey barely misses you.
You hit the howler monkey.
The howler monkey is moderately wounded.
The howler monkey hits you but does no damage.
You hit the howler monkey.
The howler monkey is moderately wounded.
The howler monkey misses you. The howler monkey barely misses you.
You slash the howler monkey!
The howler monkey is severely wounded.
The howler monkey closely misses you.
You barely miss the howler monkey.
The howler monkey is severely wounded.
The howler monkey hoots and howls with incredible vigour!
You hear a shout! x2
You closely miss the howler monkey.
The howler monkey is severely wounded.
The howler monkey hits you. x2
* * * LOW HITPOINT WARNING * * *
Unknown command.
You closely miss the howler monkey.
The howler monkey is severely wounded.
The howler monkey hits you.
* * * LOW HITPOINT WARNING * * *
You closely miss the howler monkey.
The howler monkey is severely wounded.
The howler monkey hoots and howls with incredible vigour!
The howler monkey barely misses you.
You hear a shout!
You completely miss the howler monkey.
The howler monkey is severely wounded.
The howler monkey hits you.
You die...

####### ## #.>...###
.. #.......# #.
#.....#.# #.
#....##'## #.
#...##8.8## #.
....##.....###.##
#.####8.....8##.@##
#. ##.........###h# o
#8.........8#.######
+...........'.......#
#8.).......8#h#####.#
##.........##...
##8.....8##.#...#
##.....## # ##h#
##8.8## ...


You could see a howler monkey.

Vanquished Creatures
  A goblin (D:4)
1 creature vanquished.

Notes
Turn   | Place    | Note
-------+----------+-------------------------------------------
     0 | D:5      | shoop the Demonspawn Delver began the quest for the Orb.
     0 | D:5      | Reached XP level 1. HP: 18/18 MP: 1/1
    52 | D:4      | Noticed a howler monkey
    68 | D:4      | Slain by a howler monkey

Illustrated notes

Levels and vault maps discovered:
D:4:      layout_loops_cross, mainiacjoe_overflow_brackets,
          portal_sewer_entry_b, chequers_ossuary_entry_cave, dk_noncrumbling_4,
          uniq_sigmund
D:5:      layout_cave_pools, minmay_temple_entry_statues_pillars,
          minmay_ruined_shrine, uniq_crazy_yiuf_cottage

Action                   || total
-------------------------++-------
Melee: Falchion          ||    12
Armor: Leather armour    ||     2
Dodge: Dodged            ||     7

Table legend: (Time is in decaauts)
 A = Elapsed time spent in this place.
 B = Non-inter-level travel time spent in this place.
 C = Inter-level travel time spent in this place.
 D = Time resting spent in this place.
 E = Time spent auto-exploring this place.
 F = Levels seen in this place.
 G = Mean time per level.
                   A        B        C        D        E       F      G
               +--------+--------+--------+--------+--------+-----+--------+
         Total |     70 |     70 |      0 |      3 |      0 |   2 |   35.0 |
       Dungeon |     70 |     70 |      0 |      3 |      0 |   2 |   35.0 |
               +--------+--------+--------+--------+--------+-----+--------+

Top non-repeatable levels by time:
     D:4: 46 daAuts
     D:5: 24 daAuts
